[ AOE2 MATCH · #504752926 ]
UnrankedSpanish vs Malians
Player's team · LOSS
Rival team · WIN
[ REPLAY ANALYSIS · EXTRACTED FROM THE RECORDED GAME ]
Feudal
12:56
Castle
18:23
Imperial
—
| APM avg | 48.6 |
| APM peak | 146 |
| eAPM avg | 21.0 |
| Villagers / military | 93 / 18 |
Focus
⚔️ 36.8% · 🌾 63.2%
Conquistador ×17 · Scorpion ×1
Feudal
13:00
Castle
18:01
Imperial
—
| APM avg | 58.0 |
| APM peak | 127 |
| eAPM avg | 20.7 |
| Villagers / military | 72 / 46 |
Focus
⚔️ 49.8% · 🌾 50.2%
Cavalry Archer ×41 · Trade Cart ×4 · Battering Ram ×4 · Knight ×1
Match map
Initial resources + every placement click. Lines = walls · curves = elevation contours. ◆ gold · ⬟ stone · ● berries · ✦ relic · ◌ wall gap
Your base· Open — unwalled flank
O grande's base· Open — unwalled flank
Smoothed initial terrain · ◌ = detected wall gap · hover for details
Inputs per minute
— MatzeAoE - - O grande
Build order — MatzeAoE
First 150 of 214 actions detected
| 0:01 | Queue | Villager (Male) |
| 0:01 | Queue | Villager (Male) |
| 0:02 | Build | House |
| 0:04 | Build | House |
| 0:23 | Queue | Villager (Male) |
| 0:23 | Queue | Villager (Male) |
| 1:22 | Queue | Villager (Male) |
| 1:52 | Queue | Villager (Male) |
| 1:52 | Queue | Villager (Male) |
| 2:24 | Queue | Villager (Male) |
| 2:24 | Queue | Villager (Male) |
| 2:27 | Queue | Villager (Male) |
| 2:27 | Queue | Villager (Male) |
| 3:05 | Queue | Villager (Male) |
| 3:24 | Research | Loom |
| 3:38 | Queue | Villager (Male) |
| 3:40 | Queue | Villager (Male) |
| 3:49 | Queue | Villager (Male) |
| 4:40 | Queue | Villager (Male) |
| 4:40 | Queue | Villager (Male) |
| 4:45 | Build | Lumber Camp |
| 4:58 | Queue | Villager (Male) |
| 5:21 | Queue | Villager (Male) |
| 5:35 | Queue | Villager (Male) |
| 5:55 | Queue | Villager (Male) |
| 6:25 | Queue | Villager (Male) |
| 6:25 | Queue | Villager (Male) |
| 6:47 | Build | House |
| 7:09 | Build | Palisade Wall |
| 7:11 | Build | Palisade Wall |
| 7:16 | Queue | Villager (Male) |
| 7:16 | Queue | Villager (Male) |
| 7:30 | Build | Palisade Wall |
| 7:33 | Build | Palisade Wall |
| 7:34 | Build | Palisade Wall |
| 7:38 | Build | Palisade Wall |
| 7:44 | Queue | Villager (Male) |
| 7:57 | Queue | Villager (Male) |
| 8:02 | Build | Mill |
| 8:06 | Build | Palisade Wall |
| 8:10 | Build | Palisade Wall |
| 8:11 | Build | Palisade Wall |
| 8:17 | Build | Palisade Wall |
| 8:20 | Build | Palisade Wall |
| 8:20 | Build | Palisade Wall |
| 8:21 | Build | Palisade Wall |
| 8:27 | Build | Palisade Wall |
| 8:28 | Queue | Villager (Male) |
| 8:50 | Build | Mill |
| 9:09 | Build | Farm |
| 9:13 | Build | House |
| 9:26 | Queue | Villager (Male) |
| 9:40 | Build | Farm |
| 10:06 | Build | Farm |
| 10:40 | Research | Feudal Age |
| 10:46 | Build | Palisade Wall |
| 10:47 | Build | Palisade Wall |
| 10:48 | Build | Palisade Wall |
| 10:49 | Build | Palisade Wall |
| 10:49 | Build | Palisade Wall |
| 10:50 | Build | Palisade Wall |
| 11:10 | Build | Palisade Wall |
| 11:37 | Build | Palisade Wall |
| 11:38 | Build | Palisade Wall |
| 11:56 | Queue | Villager (Male) |
| 11:58 | Build | Palisade Wall |
| 12:07 | Build | Farm |
| 12:09 | Build | Farm |
| 12:49 | Build | Palisade Wall |
| 12:50 | Build | Palisade Wall |
| 12:51 | Build | Palisade Wall |
| 12:56 | Age | Feudal Age |
| 12:57 | Build | Palisade Wall |
| 13:12 | Build | Market |
| 13:18 | Queue | Villager (Male) |
| 13:20 | Research | Double-Bit Axe |
| 13:33 | Queue | Villager (Male) |
| 13:49 | Queue | Villager (Male) |
| 14:11 | Queue | Villager (Male) |
| 14:14 | Build | House |
| 14:16 | Build | Blacksmith |
| 14:19 | Build | House |
| 14:22 | Build | Blacksmith |
| 14:29 | Build | House |
| 14:30 | Build | House |
| 15:02 | Build | Mining Camp |
| 15:43 | Research | Castle Age |
| 15:44 | Research | Castle Age |
| 16:23 | Research | Horse Collar |
| 16:26 | Build | Farm |
| 16:27 | Build | Farm |
| 16:28 | Build | Farm |
| 16:45 | Build | Outpost |
| 16:49 | Build | Outpost |
| 17:42 | Queue | Villager (Male) |
| 18:23 | Age | Castle Age |
| 18:25 | Queue | Villager (Male) |
| 18:28 | Build | Town Center |
| 18:33 | Research | Bow Saw |
| 18:41 | Build | Town Center |
| 18:50 | Queue | Villager (Male) |
| 19:05 | Build | Castle |
| 19:07 | Queue | Villager (Male) |
| 19:10 | Build | Farm |
| 19:26 | Queue | Villager (Male) |
| 20:04 | Queue | Conquistador |
| 20:04 | Queue | Conquistador |
| 20:04 | Queue | Conquistador |
| 20:06 | Queue | Villager (Male) |
| 20:26 | Queue | Villager (Male) |
| 20:38 | Queue | Villager (Male) |
| 20:43 | Build | Farm |
| 20:44 | Queue | Villager (Male) |
| 20:46 | Build | Farm |
| 20:54 | Queue | Villager (Male) |
| 21:06 | Queue | Villager (Male) |
| 21:07 | Build | Farm |
| 21:08 | Build | Farm |
| 21:09 | Build | Farm |
| 21:20 | Build | Farm |
| 21:21 | Build | Farm |
| 21:22 | Build | Farm |
| 21:22 | Build | Farm |
| 21:23 | Build | Farm |
| 21:24 | Build | Farm |
| 21:27 | Build | Farm |
| 21:45 | Queue | Villager (Male) |
| 21:48 | Build | Farm |
| 21:49 | Build | Farm |
| 21:52 | Queue | Villager (Male) |
| 22:00 | Build | Farm |
| 22:00 | Build | Farm |
| 22:01 | Build | Farm |
| 22:03 | Build | Farm |
| 22:14 | Queue | Villager (Male) |
| 22:21 | Build | Farm |
| 22:27 | Queue | Villager (Male) |
| 22:32 | Queue | Villager (Male) |
| 22:32 | Queue | Villager (Male) |
| 22:36 | Build | Farm |
| 22:44 | Queue | Villager (Male) |
| 22:44 | Queue | Villager (Male) |
| 22:54 | Queue | Villager (Male) |
| 22:54 | Queue | Villager (Male) |
| 23:02 | Queue | Villager (Male) |
| 23:02 | Queue | Villager (Male) |
| 23:06 | Build | Farm |
| 23:07 | Queue | Villager (Male) |
| 23:10 | Build | Farm |
| 23:13 | Build | Farm |
Build order — O grande
First 150 of 190 actions detected
| 0:00 | Queue | Villager (Male) |
| 0:01 | Queue | Villager (Male) |
| 0:02 | Build | House |
| 0:03 | Build | House |
| 0:14 | Queue | Villager (Male) |
| 0:35 | Queue | Villager (Male) |
| 1:12 | Queue | Villager (Male) |
| 2:06 | Queue | Villager (Male) |
| 2:07 | Queue | Villager (Male) |
| 3:00 | Queue | Villager (Male) |
| 3:00 | Queue | Villager (Male) |
| 3:00 | Queue | Villager (Male) |
| 3:10 | Build | Lumber Camp |
| 3:18 | Queue | Villager (Male) |
| 3:48 | Build | House |
| 3:53 | Queue | Villager (Male) |
| 4:13 | Build | Palisade Gate |
| 4:16 | Build | Palisade Gate |
| 4:27 | Build | Palisade Wall |
| 4:28 | Build | Palisade Wall |
| 4:29 | Build | Palisade Wall |
| 4:40 | Queue | Villager (Male) |
| 4:40 | Queue | Villager (Male) |
| 4:51 | Queue | Villager (Male) |
| 4:53 | Build | Palisade Wall |
| 5:03 | Queue | Villager (Male) |
| 5:07 | Queue | Villager (Male) |
| 5:30 | Queue | Villager (Male) |
| 5:44 | Research | Loom |
| 5:47 | Research | Loom |
| 6:34 | Queue | Villager (Male) |
| 6:34 | Queue | Villager (Male) |
| 6:34 | Queue | Villager (Male) |
| 6:58 | Queue | Villager (Male) |
| 7:06 | Build | Mill |
| 7:06 | Queue | Villager (Male) |
| 7:26 | Queue | Villager (Male) |
| 7:30 | Build | Mill |
| 7:51 | Queue | Villager (Male) |
| 8:33 | Queue | Villager (Male) |
| 8:33 | Queue | Villager (Male) |
| 8:44 | Build | House |
| 9:28 | Queue | Villager (Male) |
| 9:39 | Build | Farm |
| 9:56 | Build | Farm |
| 10:12 | Build | Farm |
| 10:45 | Build | Farm |
| 10:47 | Build | Farm |
| 10:50 | Research | Feudal Age |
| 10:50 | Research | Feudal Age |
| 12:15 | Build | Farm |
| 12:16 | Build | Farm |
| 12:37 | Build | Mining Camp |
| 12:46 | Queue | Villager (Male) |
| 12:54 | Build | House |
| 13:00 | Age | Feudal Age |
| 13:07 | Build | Market |
| 13:27 | Queue | Villager (Male) |
| 13:55 | Build | Blacksmith |
| 13:59 | Build | Blacksmith |
| 13:59 | Queue | Villager (Male) |
| 14:03 | Queue | Villager (Male) |
| 14:39 | Build | Farm |
| 14:41 | Build | Farm |
| 14:55 | Queue | Villager (Male) |
| 15:04 | Build | Barracks |
| 15:21 | Research | Castle Age |
| 15:27 | Build | House |
| 15:28 | Build | House |
| 15:48 | Build | Lumber Camp |
| 16:02 | Research | Double-Bit Axe |
| 16:18 | Research | Horse Collar |
| 16:19 | Research | Horse Collar |
| 16:33 | Research | Fletching |
| 16:43 | Build | Stable |
| 16:52 | Build | Archery Range |
| 17:01 | Build | Archery Range |
| 17:12 | Research | Gold Mining |
| 17:58 | Queue | Villager (Male) |
| 18:01 | Age | Castle Age |
| 18:01 | Queue | Cavalry Archer |
| 18:02 | Queue | Cavalry Archer |
| 18:02 | Queue | Cavalry Archer |
| 18:04 | Queue | Cavalry Archer |
| 18:10 | Build | Farm |
| 18:16 | Build | Farm |
| 18:19 | Queue | Villager (Male) |
| 18:30 | Queue | Knight |
| 18:34 | Build | Farm |
| 18:48 | Queue | Villager (Male) |
| 19:04 | Build | Farm |
| 19:14 | Queue | Villager (Male) |
| 19:18 | Queue | Cavalry Archer |
| 19:18 | Queue | Cavalry Archer |
| 19:19 | Queue | Villager (Male) |
| 19:26 | Build | House |
| 19:27 | Build | House |
| 19:27 | Build | House |
| 19:35 | Research | Bodkin Arrow |
| 20:06 | Queue | Villager (Male) |
| 20:06 | Queue | Cavalry Archer |
| 20:07 | Queue | Cavalry Archer |
| 20:36 | Queue | Cavalry Archer |
| 20:36 | Queue | Villager (Male) |
| 21:04 | Queue | Villager (Male) |
| 21:07 | Queue | Cavalry Archer |
| 21:07 | Queue | Cavalry Archer |
| 21:14 | Build | University |
| 21:17 | Queue | Villager (Male) |
| 21:19 | Queue | Villager (Male) |
| 21:24 | Research | Husbandry |
| 21:29 | Research | Padded Archer Armor |
| 21:59 | Queue | Cavalry Archer |
| 21:59 | Queue | Cavalry Archer |
| 22:03 | Queue | Villager (Male) |
| 22:13 | Build | Town Center |
| 22:17 | Build | House |
| 22:19 | Build | House |
| 22:20 | Build | House |
| 22:22 | Build | House |
| 22:23 | Build | House |
| 22:38 | Research | Bloodlines |
| 22:53 | Queue | Cavalry Archer |
| 22:53 | Queue | Cavalry Archer |
| 22:53 | Queue | Villager (Male) |
| 23:30 | Research | Ballistics |
| 23:30 | Research | Ballistics |
| 23:33 | Queue | Villager (Male) |
| 23:33 | Queue | Villager (Male) |
| 23:33 | Queue | Villager (Male) |
| 23:54 | Queue | Cavalry Archer |
| 23:54 | Queue | Cavalry Archer |
| 23:54 | Queue | Villager (Male) |
| 23:54 | Queue | Villager (Male) |
| 24:11 | Queue | Villager (Male) |
| 24:17 | Research | Horse Collar |
| 24:25 | Build | Lumber Camp |
| 24:31 | Queue | Cavalry Archer |
| 24:46 | Queue | Cavalry Archer |
| 24:47 | Queue | Cavalry Archer |
| 24:47 | Queue | Villager (Male) |
| 25:11 | Queue | Cavalry Archer |
| 25:11 | Queue | Cavalry Archer |
| 25:11 | Queue | Villager (Male) |
| 25:11 | Queue | Villager (Male) |
| 25:12 | Queue | Villager (Male) |
| 25:25 | Queue | Villager (Male) |
| 25:25 | Queue | Villager (Male) |
| 25:32 | Build | Siege Workshop |
| 25:55 | Queue | Cavalry Archer |
Match timeline
| 4:27 | O grande · wall_segment Palisade Wall x1 |
| 4:28 | O grande · wall_segment Palisade Wall x1 |
| 4:29 | O grande · wall_segment Palisade Wall x1 |
| 4:53 | O grande · wall_segment Palisade Wall x1 |
| 7:09 | MatzeAoE · wall_segment Palisade Wall x1 |
| 7:11 | MatzeAoE · wall_segment Palisade Wall x1 |
| 7:30 | MatzeAoE · wall_segment Palisade Wall x1 |
| 7:33 | MatzeAoE · wall_segment Palisade Wall x1 |
| 7:34 | MatzeAoE · wall_segment Palisade Wall x1 |
| 7:38 | MatzeAoE · wall_segment Palisade Wall x1 |
| 8:06 | MatzeAoE · wall_segment Palisade Wall x1 |
| 8:10 | MatzeAoE · wall_segment Palisade Wall x1 |
| 8:11 | MatzeAoE · wall_segment Palisade Wall x1 |
| 8:17 | MatzeAoE · wall_segment Palisade Wall x1 |
| 8:20 | MatzeAoE · wall_segment Palisade Wall x1 |
| 8:20 | MatzeAoE · wall_segment Palisade Wall x1 |
| 8:21 | MatzeAoE · wall_segment Palisade Wall x1 |
| 8:27 | MatzeAoE · wall_segment Palisade Wall x1 |
| 10:46 | MatzeAoE · wall_segment Palisade Wall x1 |
| 10:47 | MatzeAoE · wall_segment Palisade Wall x1 |
| 10:48 | MatzeAoE · wall_segment Palisade Wall x3 |
| 10:49 | MatzeAoE · wall_segment Palisade Wall x1 |
| 10:49 | MatzeAoE · wall_segment Palisade Wall x1 |
| 10:50 | MatzeAoE · wall_segment Palisade Wall x1 |
| 11:10 | MatzeAoE · wall_segment Palisade Wall x7 |
| 11:37 | MatzeAoE · wall_segment Palisade Wall x3 |
| 11:38 | MatzeAoE · wall_segment Palisade Wall x2 |
| 11:58 | MatzeAoE · wall_segment Palisade Wall x1 |
| 12:49 | MatzeAoE · wall_segment Palisade Wall x1 |
| 12:50 | MatzeAoE · wall_segment Palisade Wall x1 |
| 12:51 | MatzeAoE · wall_segment Palisade Wall x1 |
| 12:56 | MatzeAoE · age_up feudal |
| 12:57 | MatzeAoE · wall_segment Palisade Wall x1 |
| 13:00 | O grande · age_up feudal |
| 15:04 | O grande · first_building Barracks |
| 16:43 | O grande · first_building Stable |
| 16:48 | O grande · first_market_buy 100 wood |
| 16:52 | O grande · first_building Archery Range |
| 18:01 | O grande · age_up castle |
| 18:23 | MatzeAoE · age_up castle |
| 19:05 | MatzeAoE · first_building Castle |
| 23:07 | O grande · first_market_sell 100 food |
| 25:16 | MatzeAoE · first_building Siege Workshop |
| 25:32 | O grande · first_building Siege Workshop |
| 28:07 | MatzeAoE · wall_segment Palisade Wall x1 |
| 28:07 | MatzeAoE · wall_segment Palisade Wall x1 |
| 29:27 | MatzeAoE · resign |
[ AI ANALYSIS · 1 CREDIT ]
What really happened in this match?
Wolo.gg analyzes every decision: build order, eco, micro, common mistakes by bracket. Personalized analysis on WhatsApp or Discord in 30 seconds.
Civ guide
Spanish
Perfil
Jugador #25940851